 Dungeon Crawl Stone Soup version 0.27-a0-1590-g15f69828bf (webtiles) character file.

Game seed: 12913009236041226349

204 duskshroud the Chopper (level 5, 0/45 HPs)
             Began as a Minotaur Berserker on July 19, 2021.
             Was a Priest of Trog.
             Slain by Duvessa (5 damage)
             ... on level 4 of the Dungeon.
             The game lasted 00:09:00 (2758 turns).

duskshroud the Chopper (Minotaur Berserker)         Turns: 2758, Time: 00:09:01

Health: 0/45       AC: 11    Str: 22    XL:     5   Next: 52%
Magic:  4/4        EV:  6    Int:  4    God:    Trog [***...]
Gold:   99         SH:  0    Dex: 10    Spells: 4/4 levels left

rFire    . . .     SeeInvis .   a - +0 war axe
rCold    . . .     Faith    .   (no shield)
rNeg     . . .     Spirit   .   h - +0 plate armour
rPois    +         Reflect  .   (helmet restricted)
rElec    .         Harm     .   (no cloak)
rCorr    .         Rampage  .   (no gloves)
Will     .....                  (no boots)
Stlth    ..........             (no amulet)
HPRegen  0.15/turn              s - ring of poison resistance
MPRegen  0.09/turn              (no ring)

@: lethally poisoned (0 -> -10), on berserk cooldown, slowed, very slow
A: horns 2, retaliatory headbutt
a: Renounce Religion, Berserk, Trog's Hand


You were on level 4 of the Dungeon.
You worshipped Trog.
Trog was most pleased with you.
You visited 1 branch of the dungeon, and saw 4 of its levels.

You collected 99 gold pieces.

Inventory:

Hand Weapons
 a - a +0 war axe (weapon)
Armour
 h - a +0 plate armour (worn)
 m - a +0 kite shield
Jewellery
 s - a ring of poison resistance (left hand)
 t - an amulet of magic regeneration
Scrolls
 e - a scroll of teleportation {unknown}
 g - a scroll of torment {unknown}
 i - a scroll of fear {unknown}
 j - a scroll of amnesia {unknown}
 l - a scroll of enchant armour {unknown}
 o - a scroll of identify {unknown}
 p - 2 scrolls of fog {unknown}
 q - a scroll of magic mapping {unknown}
Potions
 b - a potion of heal wounds {unknown}
 c - a potion of degeneration {unknown}
 d - a potion of ambrosia {unknown}
 f - a potion of lignification {unknown}
 k - a potion of mutation {unknown}
 n - a potion of invisibility {unknown}
 r - a potion of berserk rage {unknown}


   Skills:
 - Level 3.6 Fighting
 * Level 7.6 Axes
 - Level 2.4 Armour
 - Level 2.1 Dodging


You had 4 spell levels left.
You didn't know any spells.
Your spell library was empty.

Dungeon Overview and Level Annotations

Branches:
Dungeon (4/15)
 Temple: D:4-7

Altars:
Dithmenos

Annotations:
D:4 Duvessa


Innate Abilities, Weirdness & Mutations

You have a pair of horns on your head.
You reflexively headbutt those who attack you in melee.


Message History

Press: ? - help, v - describe, . - travel
Here: Duvessa, wielding a +2 rapier of venom and wearing a +0 chain mail (wandering, hasn't noticed you)
The floor.
Okay, then.
As you close the door, it creaks loudly!
Dowan opens the door.
A red film seems to cover your vision as you go berserk!
You feel yourself moving faster!
You feel mighty!
You slash Dowan!
Dowan is moderately wounded.
You slash Dowan! You headbutt Dowan!
You kill Dowan!
Trog accepts your kill.
Trog appreciates your killing of a magic user.
You hear a distant scream of rage.
Duvessa shouts!
Duvessa goes berserk!
There is an open door, spattered with blood here.
Things that are here:
a +0 dagger of venom; a +0 robe; a white potion You feel a strong urge to attack something.
You feel the effects of Trog's Hand fading.
You feel your anger nearly subside.
You are no longer berserk.
You are exhausted.
You feel yourself slow down.
You hear a shout!
There is a stone staircase leading down here.
Your skin stops crawling.
You feel less strong-willed.
You hear a shout!
Duvessa hits you with a +2 rapier of venom!
You closely miss Duvessa.
Duvessa hits you with a +2 rapier of venom! x2
* * * LOW HITPOINT WARNING * * *
You are lethally poisoned!
Duvessa hits you but does no damage.
You hit Duvessa but do no damage.
* * * LOW HITPOINT WARNING * * *
You feel extremely sick.
Duvessa hits you with a +2 rapier of venom.
You die...

#.....# #.....#
#..e..# #)######
#.#....# #.#....# #
######.#....# ####.#
#...........####.....#
#.####..>.e@).........
...###....##<.......
.........#.####.#.#..
...........# ..
...........# .#
..........## ..
..........# ..
..........# .
####......#


You could see Duvessa (berserk).

Vanquished Creatures
  Dowan (D:4)
  A gnoll (D:3)
  7 adders
  2 dart slugs (D:1)
  An orc (D:3)
  7 ball pythons
  An endoplasm (D:3)
  3 giant cockroaches (D:1)
  5 goblins
  6 hobgoblins
  5 jackals (D:1)
  6 quokkas
  A ball python zombie (D:3)
  9 bats
  3 frilled lizards
  12 kobolds
  5 rats
75 creatures vanquished.

Notes
Turn   | Place    | Note
-------+----------+-------------------------------------------
     0 | D:1      | duskshroud the Minotaur Berserker began the quest for the
                  | Orb.
     0 | D:1      | Reached XP level 1. HP: 19/19 MP: 0/0
    25 | D:1      | Reached skill level 4 in Axes
   226 | D:1      | Reached XP level 2. HP: 24/26 MP: 1/1
   734 | D:1      | Reached skill level 5 in Axes
   822 | D:1      | Reached XP level 3. HP: 23/31 MP: 2/2
   875 | D:1      | Found a faded altar of an unknown god.
  1255 | D:2      | Found a shadowy altar of Dithmenos.
  1344 | D:2      | Reached ** piety under Trog
  1562 | D:2      | Reached skill level 6 in Axes
  1562 | D:2      | Reached XP level 4. HP: 35/39 MP: 3/3
  2368 | D:3      | Reached skill level 7 in Axes
  2368 | D:3      | Reached XP level 5. HP: 45/45 MP: 4/4
  2456 | D:3      | Reached *** piety under Trog
  2740 | D:4      | Noticed Dowan
  2741 | D:4      | Noticed Duvessa
  2747 | D:4      | Killed Dowan
  2758 | D:4      | Slain by Duvessa

Illustrated notes

Levels and vault maps discovered:
D:1:      wander_arrival_chamber, layout_basic,
          shapermc_ecumenical_altar_notcrosses
D:2:      layout_loops_ring, basic_altar, item_on_display_a
D:3:      layout_rooms, minmay_increasing_density
D:4:      minmay_skewed_foursquare, layout_basic, serial_park_tiny_1,
          nicolae_inconvenience_store, uniq_duvessa

Skill      XL: |  1  2  3  4 |
---------------+-------------+-----
Axes           | 4 5 6 7 |  7.6
Fighting       | |  3.6
Armour         | |  2.4
Dodging        | |  2.1

Action                   |  1- 3 |  4- 6 || total
-------------------------+-------+-------++-------
Melee: Hand axe          |   100 |    26 ||   126
       Headbutt          |    11 |    11 ||    22
       War axe           |       |    51 ||    51
Invok: Berserk           |       |     2 ||     2
       Trog's Hand       |       |     1 ||     1
Armor: Animal skin       |    11 |       ||    11
       Plate armour      |    25 |    63 ||    88
Dodge: Dodged            |    46 |    24 ||    70

Table legend: (Time is in decaauts)
 A = Elapsed time spent in this place.
 B = Non-inter-level travel time spent in this place.
 C = Inter-level travel time spent in this place.
 D = Time resting spent in this place.
 E = Time spent auto-exploring this place.
 F = Levels seen in this place.
 G = Mean time per level.
                   A        B        C        D        E       F      G
               +--------+--------+--------+--------+--------+-----+--------+
         Total |   2783 |   2717 |     66 |    428 |   1653 |   4 |  695.8 |
       Dungeon |   2783 |   2717 |     66 |    428 |   1653 |   4 |  695.8 |
               +--------+--------+--------+--------+--------+-----+--------+

Top non-repeatable levels by time:
     D:1: 1234 daAuts
     D:2: 782 daAuts
     D:3: 720 daAuts
     D:4: 46 daAuts
